Map: Traitor's Exile

Players

mmm - Winner!

  • Race: Protoss Protoss
  • Spawn Location: 9:00

PureLegacy - Winner!

  • Race: Terran Terran
  • Spawn Location: 12:00

llllllllllll

  • Race: Protoss Protoss
  • Spawn Location: 6:00

Darling

  • Race: Zerg Zerg
  • Spawn Location: 5:00

VOD

Have the link to the VOD?

Description

Time

  • Played on: Nov. 23, 2018, 8:31 a.m.
  • Length: 19:18
Show
View Real Time Build Order
Export as new Build Order

mmm Protoss - Winner!

Build Orders:  

Get SALT Encoding   

  1  0:00  Probe  
  13  0:07  Probe  
  14  0:22  Pylon  
  14  0:23  Probe  
  15  0:40  Probe  
  16  0:46  Forge  
  16  0:52  Probe  
  18  1:04  Probe  
  18  1:06  Pylon  
  18  1:15  Probe  
  18  1:23  Probe  
  19  1:26  Photon Cannon  
  19  1:30  Pylon  
  19  1:48  Photon Cannon  
  19  1:58  Probe  
  20  2:03  Photon Cannon  
  20  2:09  Photon Cannon  
  20  2:10  Probe  
  21  2:23  Probe  
  21  2:28  Pylon  
  22  2:37  Probe  
  23  2:45  Probe  
  23  2:51  Pylon  
  24  2:54  Probe  
  24  2:55  Assimilator  
  25  3:00  Assimilator  
  25  3:06  Probe  
  25  3:09  Photon Cannon  
  25  3:10  Photon Cannon  
  26  3:13  Photon Cannon  
  26  3:19  Probe  
  27  3:22  Gateway  
  27  3:30  Pylon  
  27  3:40  Pylon  
  27  4:00  Photon Cannon  
  27  4:01  Photon Cannon  
  27  4:02  Photon Cannon  
  27  4:11  Cybernetics Core  
  27  4:19  Photon Cannon  
  27  4:29  Photon Cannon  
  27  4:37  Pylon  
  27  4:58  Stargate  
  27  4:59  Stargate  
  27  5:02  Photon Cannon  
  27  5:18  Photon Cannon  
  27  5:20  Pylon  
  27  5:31  Void Ray  
  27  5:34  Void Ray  
  35  6:07  Void Ray  
  35  6:08  Void Ray  
  43  6:21  Protoss Air Weapons Level 1  
  43  6:29  Nexus  
  43  6:34  Pylon  
  43  6:52  Pylon  
  43  6:53  Void Ray  
  47  7:06  Photon Cannon  
  47  7:08  Photon Cannon  
  47  7:10  Photon Cannon  
  47  7:14  Void Ray  
  51  7:36  Void Ray  
  55  7:45  Probe  
  56  7:53  Probe  
  57  8:02  Probe  
  57  8:04  Void Ray  
  62  8:15  Protoss Air Armor Level 1, Probe  
  59  8:39  Void Ray  
  59  9:29  Void Ray x2  
  67  9:38  Probe  
  68  9:50  Probe  
  64  10:17  Assimilator  
  64  10:20  Void Ray x2  
  72  10:21  Assimilator  
  72  10:28  Pylon  
  72  10:32  Shield Battery  
  72  10:58  Nexus, Probe  
  72  11:03  Photon Cannon  
  73  11:10  Probe  
  74  11:21  Pylon  
  74  11:22  Photon Cannon, Probe  
  75  11:34  Probe  
  76  11:40  Photon Cannon  
  76  11:44  Photon Cannon  
  76  11:46  Probe  
  77  11:58  Photon Cannon  
  77  12:01  Shield Battery  
  77  12:17  Probe  
  78  12:25  Photon Cannon  
  78  12:29  Probe  
  79  12:41  Probe  
  68  12:55  Void Ray  
  68  12:56  Void Ray  
  76  13:01  Robotics Facility  
  76  13:06  Assimilator  
  76  13:10  Assimilator  
  76  13:21  Pylon  
  76  13:27  Fleet Beacon  
  76  13:42  Probe  
  76  13:44  Photon Cannon  
  69  13:54  Probe  
  69  13:55  Immortal  
  59  14:22  Photon Cannon  
  54  14:34  Immortal  
  51  15:41  Gateway  
  51  15:48  Probe  
  52  16:00  Probe  
  53  16:14  Pylon  
  53  16:16  Gateway  
  53  16:22  Nexus  
  53  16:32  Zealot  
  55  16:37  Cybernetics Core  
  55  16:42  Pylon  
  55  16:43  Probe  
  56  16:51  Probe  
  56  17:01  Probe  
  57  17:07  Pylon  
  23  18:35  Zealot  
  25  18:48  Probe  
  26  18:56  Probe  
  29  19:03  Pylon  
  29  19:06  Probe  
Show
View Real Time Build Order
Export as new Build Order

PureLegacy Terran - Winner!

Build Orders:  

Get SALT Encoding   

  12  0:00  SCV  
  13  0:12  SCV  
  14  0:20  Supply Depot  
  14  0:25  SCV  
  15  0:30  Refinery  
  15  0:41  SCV  
  16  0:45  Barracks  
  16  0:53  SCV  
  17  1:05  Barracks  
  17  1:17  Barracks  
  17  1:21  SCV  
  18  1:36  Reaper  
  19  1:41  Orbital Command  
  19  1:49  Refinery  
  19  1:52  Reaper  
  20  2:00  Supply Depot  
  20  2:04  Reaper  
  21  2:10  Reaper  
  21  2:13  SCV  
  23  2:23  Supply Depot  
  23  2:25  Reaper  
  23  2:28  SCV  
  25  2:37  Reaper  
  26  2:45  Reaper  
  27  2:53  SCV  
  27  2:57  Reaper  
  29  3:11  Reaper  
  30  3:14  Command Center  
  30  3:16  SCV  
  31  3:25  Reaper  
  32  3:29  SCV  
  33  3:39  Reaper  
  34  3:43  Engineering Bay  
  34  3:45  Reaper  
  35  4:11  SCV  
  35  4:15  Missile Turret  
  35  4:21  Marine x3  
  35  4:30  Orbital Command  
  32  4:32  Missile Turret  
  28  5:13  Marine  
  30  5:21  Marine  
Show
View Real Time Build Order
Export as new Build Order

llllllllllll Protoss 

Build Orders: Proxy Void Ray 

Get SALT Encoding   

  12  0:00  Probe  
  13  0:13  Probe  
  14  0:18  Pylon  
  14  0:24  Probe  
  15  0:32  Probe  
  15  0:41  Gateway  
  16  0:44  Assimilator  
  16  0:45  Probe  
  17  0:57  Assimilator, Probe  
  18  1:10  Probe  
  19  1:17  Gateway  
  20  1:28  Cybernetics Core  
  19  1:33  Probe  
  20  1:44  Pylon  
  20  1:49  Probe  
  21  1:54  Stalker  
  21  2:06  Shield Battery  
  23  2:13  Probe  
  24  2:21  Pylon  
  24  2:25  Probe  
  26  2:39  Stargate  
  26  2:41  Shield Battery  
  25  2:59  Pylon  
  25  3:01  Shield Battery  
  25  3:04  Adept  
  27  3:09  Void Ray  
  27  3:26  Probe  
  32  3:45  Void Ray  
  28  4:21  Void Ray  
  28  4:28  Probe  
Show
View Real Time Build Order
Export as new Build Order

Darling Zerg 

Build Orders: Hatch First 

Get SALT Encoding   

  12  0:01  Drone  
  13  0:13  Overlord  
  13  0:18  Drone  
  14  0:32  Drone x2  
  16  0:35  Drone  
  17  0:55  Hatchery  
  16  0:57  Drone  
  16  1:01  Drone  
  18  1:11  Extractor  
  18  1:17  Spawning Pool  
  16  1:20  Drone  
  16  1:23  Drone  
  18  1:30  Drone  
  19  1:45  Drone  
  20  2:05  Zergling x4  
  20  2:06  Queen  
  20  2:07  Queen  
  26  2:10  Drone  
  26  2:11  Metabolic Boost  
  27  2:16  Overlord  
  27  2:24  Zergling x2  
  27  2:43  Zergling x2  
  28  2:46  Queen  
  28  2:48  Zergling x6  
  31  2:55  Drone  
  32  3:02  Overlord, Zergling x2  
  30  3:13  Zergling x2  
  30  3:14  Zergling x2  
  31  3:20  Zergling x2  
  31  3:31  Overlord, Zergling x2  
  31  3:32  Zergling x10  
  34  3:42  Queen  
  34  3:46  Zergling x2  
  37  3:52  Zergling x2  
  37  3:54  Zergling x2  
  39  3:58  Overlord  
  39  4:09  Zergling x2  
  36  4:14  Zergling x2  
  36  4:15  Zergling x4  
  36  4:17  Zergling x2  
  36  4:22  Zergling x2  
  38  4:28  Zergling x2  
  39  4:33  Zergling x2  
  40  4:42  Zergling x2  
  40  4:43  Zergling x6  
  42  4:46  Zergling x2  
  42  4:47  Zergling x4  
  42  4:54  Zergling x2  
  42  4:55  Zergling x2  
  42  4:58  Zergling x2  
  42  4:59  Zergling x2  
  42  5:13  Zergling x8  
  45  5:19  Zergling x2  
  45  5:20  Zergling x6  
  48  5:28  Zergling x6  
  44  5:29  Zergling x4  
  43  5:39  Zergling x2  
  43  5:42  Zergling x2  
  43  5:48  Zergling x6  
  41  6:05  Zergling x4  
  41  6:06  Zergling x2  
  35  6:25  Drone  
  33  6:26  Drone x9  
  42  6:38  Drone x3  
  42  6:50  Zergling x2  
  42  6:51  Zergling x6  
  41  6:59  Zergling x2  
  41  7:00  Zergling x6  
  42  7:04  Hatchery  
  42  7:06  Queen  
  43  7:15  Lair  
  43  7:17  Drone x3  
  44  7:31  Drone  
  44  7:32  Drone x7  
  44  7:34  Extractor  
  51  7:39  Extractor  
  50  7:47  Drone x2  
  50  7:50  Extractor  
  51  7:52  Drone  
  51  7:53  Drone x3  
  51  7:55  Queen  
  51  7:58  Spore Crawler  
  49  8:28  Drone x3  
  49  8:31  Drone x2  
  49  8:33  Hydralisk Den  
  51  8:54  Overlord  
  51  8:55  Overlord x3  
  50  8:57  Drone x2  
  50  9:01  Hydralisk  
  50  9:02  Hydralisk x3  
  45  9:07  Hydralisk  
  45  9:09  Overlord  
  52  9:13  Hydralisk  
  49  9:40  Grooved Spines  
  49  9:44  Hatchery  
  48  9:49  Drone x4  
  52  10:11  Hatchery  
  47  10:58  Drone  
  46  11:20  Hydralisk x2  
  46  11:25  Hydralisk  
  52  11:44  Muscular Augments  
  52  11:46  Hydralisk x3  
  58  11:51  Hydralisk  
  58  11:52  Hydralisk  
  62  11:59  Hydralisk  
  64  12:02  Hydralisk  
  65  12:22  Hydralisk x3  
  69  12:24  Hydralisk  
  63  12:45  Queen  
  63  12:47  Drone x3  
  63  12:50  Drone  
  63  12:51  Drone  
  69  13:09  Hatchery  
  66  13:19  Drone x2  
  67  13:29  Overlord  
  67  13:30  Drone x7  
  74  13:35  Drone  
  74  14:02  Drone  
  74  14:03  Drone x2  
  74  14:09  Drone  
  77  14:10  Hydralisk x3  
  77  14:12  Overlord  
  83  14:23  Drone  
  74  14:36  Hydralisk x4  
  69  14:53  Hydralisk x2  
  68  15:07  Hydralisk x2  
  64  16:09  Drone  
  65  16:13  Drone x2, Spawning Pool  
  65  16:15  Hatchery  
  65  16:16  Drone x2  
  65  16:17  Drone x2  
  69  16:32  Drone x2  
  71  16:43  Drone  
  72  16:56  Drone  
  72  17:00  Hatchery  
  38  17:23  Queen  
  34  17:30  Spore Crawler, Queen  
  34  17:34  Spore Crawler  
  34  17:40  Spore Crawler  
  33  17:46  Zergling x2  
  33  17:47  Zergling x4  
  34  17:56  Zergling x4  
  33  18:07  Zergling x2  
  33  18:09  Zergling x2  
  33  18:12  Zergling x2  
  34  18:19  Zergling x2  
  31  18:22  Zergling x2  
  31  18:27  Zergling x2  
Tags
 
Add a new tag
Caveats
  • Supply blocks, unpowered buildings, or Contaminate may cause inaccurate times.
  • Supply counts are checked every 10 seconds.